cohdb
Replays
Latest Replays
All Replays
Popular Replays
Top Player Replays
Match Explorer
How It Works
Community
CoH3 Stats
Reddit
Sign in to upload your games and track your stats! →
Sign in with Steam
Match 44453134
Unlisted
Match 44453134
Overview
Messages
Build Orders
End
Construct Barracks
Construct Weapon Support Center
Selects Special Operations Battlegroup
Selects M29 Weasel Recon Vehicle
M29 Weasel Recon Vehicle
Engineer Squad
M1919 Machine Gun Team
M1919 Machine Gun Team
Selects Smoke Screen
M1919 Machine Gun Team
Smoke Screen
Infantry Support Center
M3 Armored Personnel Carrier
M3 Armored Personnel Carrier
Smoke Screen
Selects SSF Commando Squad
SSF Commando Squad
SSF Commando Squad
Survival Training
Smoke Screen
Selects Mark Vehicle
Mark Vehicle
SSF Commando Squad
Construct Tank Depot
Mark Vehicle
Smoke Screen
Mark Vehicle
M4A1 Sherman Medium Tank
Engineer Squad
Symbiosis
CAuMOH
实力不足只能当老六了
setana
0
0
Comments
sign in to comment!
No comments posted yet!